 Dungeon Crawl Stone Soup version 0.32-a0-931-g5a2cda0630 (webtiles) character file.

Game seed: 2737348199013575294

51424 hattop the Dancer (level 14, -9/121 HPs)
             Began as a Yellow Draconian Shapeshifter on Apr 13, 2024.
             Was a Believer of Uskayaw.
             Mangled by a catoblepas (42 damage)
             ... on level 7 of the Dungeon.
             The game lasted 00:35:44 (20494 turns).

hattop the Dancer (Yellow Draconian Shapeshifter)  Turns: 20494, Time: 00:35:44

Health: -9/121     AC: 13    Str: 21    XL:     14   Next: 23%
Magic:  23/23      EV: 19    Int: 11    God:    Uskayaw [**....]
Gold:   1642       SH:  0    Dex: 11    Spells: 9/13 levels left

rFire   + . .        o - melded +2 war axe (elec)
rCold   + . .        (shield currently unavailable)
rNeg    . . .        (body armour unavailable)
rPois   .            (helmet restricted)
rElec   .            U - scarf {rC+ rF+}
rCorr   +            (gloves currently unavailable)
SInv    .            D - +0 pair of boots
Will    +....        m - amulet of the acrobat
Stlth   +            r - +5 ring of evasion
HPRegen 0.40/turn    w - +4 ring of protection
MPRegen 0.18/turn

%: acrobat
@: blade hands
A: caustic breath, AC +8, unfitting armour, acidic bite, cold-blooded, acid
resistance
a: Caustic Breath, Begin Untransformation, Renounce Religion, Stomp, Line Pass


You were on level 7 of the Dungeon.
You worshipped Uskayaw.
Uskayaw was pleased with you.
You had blades for hands.
You visited 3 branches of the dungeon, and saw 17 of its levels.
You also visited: Sewer.

You collected 1642 gold pieces.

Inventory:

Hand Weapons
 i - a +3 dagger of draining
 o - a +2 war axe of electrocution (melded)
Armour
 v - a +0 pair of boots
 D - a +0 pair of boots (worn)
 L - a +0 cloak
 P - a +0 pair of gloves
 S - a +0 pair of gloves
 U - a scarf of resistance (worn)
Jewellery
 m - an amulet of the acrobat (around neck)
 r - a +5 ring of evasion (left blade hand)
 w - a +4 ring of protection (right blade hand)
 B - the ring "Enent" {Ice rElec rN+++ rCorr Int-4}
   (You found it on level 7 of the Dungeon)

   [ring of ice]

   Ice:       It enhances your ice magic.
   Int-4:     It affects your intelligence (-4).
   rF-:       It makes you vulnerable to fire.
   rC+:       It protects you from cold.
   rElec:     It insulates you from electricity.
   rN+++:     It renders you almost immune to negative energy.
   rCorr:     It protects you from acid and corrosion.
 H - a ring of wizardry
 I - a ring of protection from fire
 J - an amulet of magic regeneration
 R - a ring of positive energy
 W - a ring of willpower
Talismans
 b - a beast talisman
 c - a flux talisman
 k - a blade talisman (active)
Wands
 y - a wand of polymorph (10)
 A - a wand of iceblast (12)
 E - a wand of acid (5)
 G - a wand of flame (43)
 N - a wand of paralysis (4)
Scrolls
 d - 3 scrolls of fog
 f - 4 scrolls of amnesia
 g - 4 scrolls of vulnerability
 n - 6 scrolls of teleportation
 s - a scroll of enchant armour
 u - 2 scrolls of poison
 x - 5 scrolls of immolation
 z - 3 scrolls of noise
 F - 3 scrolls of fear
 O - a scroll of identify
 T - 2 scrolls of torment
Potions
 a - 4 potions of lignification
 e - 5 potions of enlightenment
 l - 13 potions of curing
 p - a potion of haste
 q - 5 potions of mutation
 t - 5 potions of brilliance
 C - a potion of might
 K - a potion of attraction
 M - a potion of cancellation
 Q - a potion of magic
Miscellaneous
 h - a condenser vane
 j - a lightning rod (4/4)


   Skills:
 - Level 10.0 Fighting
 - Level 10.0 Dodging
 - Level 10.0 Unarmed Combat
 - Level 7.0 Translocations
 - Level 7.0 Air Magic
 - Level 12.0 Invocations
 - Level 5.0 Evocations
 + Level 10.8 Shapeshifting


You had 9 spell levels left.
You knew the following spells:

 Your Spells              Type           Power      Damage    Failure   Level
a - Vhi's Electric Charg  Tloc/Air       30%        N/A       21%         4

Your spell library contained the following spells:

 Spells                   Type           Power      Damage    Failure   Level
 Cigotuvi's Dreadful Rot  Necr/Alch/Air  10%        N/A       22%         2
 Volatile Blastmotes      Fire/Tloc      14%        2d11      26%         3
 Slow                     Hex            0%         N/A       34%         1
 Confusing Touch          Hex            0%         N/A       71%         3
 Passwall                 Erth           0%         N/A       71%         3
 Vampiric Draining        Necr           0%         2d6       71%         3
 Ignite Poison            Fire/Alch      0%         N/A       98%         4
 Leda's Liquefaction      Alch/Erth      0%         N/A       98%         4
 Petrify                  Alch/Erth      0%         N/A       98%         4
 Freezing Cloud           Conj/Ice/Air   2%         6-21      98%         5
 Metabolic Englaciation   Hex/Ice        0%         N/A       100%        5
 Bombard                  Conj/Erth      0%         9d1       100%        6


Dungeon Overview and Level Annotations

Branches:
Dungeon (11/15) Zot: 25173  Temple (1/1) D:5 Zot: 5998    Lair (5/5) D:11 Zot: 21209
 Shoals (0/4) Lair:3       Spider (0/4) Lair:2        Slime (0/5) Lair:5
    Orc (0/2) D:10          Sewer (visited)

Altars:
Ashenzari
Cheibriados
Dithmenos
Elyvilon
Fedhas
Gozag
Hepliaklqana
Kikubaaqudgha
Makhleb
Nemelex Xobeh
Okawaru
Qazlal
Ru
Sif Muna
Trog
Uskayaw
Vehumet
Wu Jian
Xom
Yredelemnul
Zin
The Shining One
Beogh
Jiyva

Shops:
D:3 *   D:4 *

Annotations:
D:7 1 transporter, rbyellow5's ghost, novice OpFi


Innate Abilities, Weirdness & Mutations

You have blades for hands.
You are incapable of wielding weapons or throwing items.
You can breathe corrosive fumes.
Your golden yellow scales are hard. (AC +8)
You cannot fit into any form of body armour.
You have acidic saliva.
You are cold-blooded and may be slowed by cold attacks.
You are resistant to acid. (rCorr)


Message History

You hit the catoblepas but do no damage.
The catoblepas is moderately wounded.
The catoblepas barely misses you. The water moccasin closely misses you.
The ice beast closely misses you. The yak gores you.
The moth of wrath goads the yak on!
The yak goes berserk!
The moth of wrath goads the ice beast on!
The ice beast goes berserk!
The catoblepas misses you.
You take 2 damage, and have 63/121 hp.
You hit the catoblepas.
The catoblepas is moderately wounded.
The yak gores you! The ice beast closely misses you.
The catoblepas completely misses you.
You take 8 damage, and have 55/121 hp.
You slash the catoblepas!
The catoblepas is heavily wounded.
The yak gores you! The ice beast completely misses you.
The catoblepas gores you!!
* * * LOW HITPOINT WARNING * * *
Rbyellow5's ghost misses you.
You can now pass through a line of other dancers.
You take 32 damage, and have 23/121 hp.
Youch!!
You hit the catoblepas but do no damage.
The catoblepas is heavily wounded.
The yak gores you!
* * * LOW HITPOINT WARNING * * *
The ice beast hits you but does no damage.
The catoblepas gores you.
* * * LOW HITPOINT WARNING * * *
The yak completely misses you. The ice beast hits you.
* * * LOW HITPOINT WARNING * * *
The ice beast freezes you. You resist.
* * * LOW HITPOINT WARNING * * *
You take 16 damage, and have 7/121 hp.
Read: 3 scrolls of fear
Press: ? - help, Q - select action, (/) - cycle Dir - look around, f - activate Look: a water moccasin (chance to affect: 97%)
Okay, then.
You feel much better. The catoblepas gores you!!!
You die...
Your body falls in perfect tune with the rhythm.

###.......##................#.
##.....#####...........#....
#######..........###..#....
#.....####©###..##....[.#
##.#####. ###W##..#.......
#..#....# .....##.##....##
#.##...#S .#....#.#.....#
#.#.....W#..##..#.##..###
#.#y.##..@Y.#...#..#.##
#.#.....#YY...#.##.#.#
#.##.##..y###....#.#.#
#..#....$)[..#..##.#.#
##.##..##### .###..#.#
#..####[©.####...##.#
##..................#
#######........#####
##########


You could see a catoblepas (berserk), a moth of wrath, a yak (berserk), a water
moccasin, an ice beast (berserk) and rbyellow5's ghost.

Vanquished Creatures
  Nessos (Lair:4)
  A fire dragon (Lair:5)
  Fannar (Lair:3)
  3 hydras (Lair:5)
  2 catoblepae
  Erica (D:10)
  2 two-headed ogres
  Urug (D:10)
  Amaemon (Lair:3)
  A pharaoh ant (Lair:2)
  Pikel (D:5)
  5 lindwurms
  An oklob plant (Lair:1)
  4 manticores
  A cyclops (D:11)
  An ugly thing (D:11)
  5 elephants
  7 torpor snails
  7 black mambas
  10 cane toads
  An orange demon (Lair:3)
  An unseen horror (D:11)
  Maggie (D:10)
  5 rime drakes
  7 komodo dragons
  Psyche (D:9)
  3 tyrant leeches (Lair:5)
  3 polar bears
  9 hornets
  A jumping spider (Lair:2)
  4 trolls
  16 dream sheep
  A blink frog (shapeshifter) (D:9)
  11 blink frogs
  Sigmund (D:5)
  A shadow (D:10)
  A wraith (D:9)
  3 wyverns
  34 yaks
  6 basilisks
  2 steam dragons
  The ghost of bobo the Shooter, an amateur BaHu of Uskayaw (D:3)
  An acid dragon (D:9)
  2 vampire mosquitoes (D:7)
  15 water moccasins
  6 ice beasts
  2 orc warriors (D:10)
  2 sky beasts
  2 ogres
  14 wolves
  4 centaurs
  2 phantoms
  A lemure (D:5)
  2 kobold brigands
  13 bullfrogs
  2 gnoll sergeants
  5 scorpions
  A wyvern skeleton (D:3)
  11 wights (D:8)
  8 killer bees (D:9)
  A howler monkey (D:6)
  5 electric eels
  2 bombardier beetles
  A bullfrog zombie (D:3)
  2 hounds
  8 orc priests
  A centaur skeleton (D:3)
  An iguana (D:3)
  A sleepcap (D:5)
  13 hell rats (Lair:5)
  8 orc wizards
  Terence (D:3)
  11 gnolls
  A howler monkey skeleton (D:3)
  5 adders
  8 river rats
  A white imp (D:7)
  4 ufetubi
  2 dart slugs
  4 ribbon worms
  17 orcs
  3 bats
  9 endoplasms
  7 giant cockroaches
  4 goblins
  11 hobgoblins
  2 jackals (Sewer)
  13 kobolds
  2 quokkas
  7 ball pythons
  4 frilled lizards
  16 rats
  A spectral kobold (D:6)
  A butterfly (D:6)
439 creatures vanquished.

Notes
Turn   | Place    | Note
-------+----------+-------------------------------------------
     0 | D:1      | hattop the Draconian Shapeshifter began the quest for the
                  | Orb.
     0 | D:1      | Reached XP level 1. HP: 16/16 MP: 1/1
   145 | D:1      | Reached XP level 2. HP: 22/23 MP: 2/2
   560 | D:1      | Found a faded altar of an unknown god.
   600 | D:1      | Prayed at the altar of an unknown god.
   600 | D:1      | Became a worshipper of Vehumet
   600 | D:1      | Reached * piety under Vehumet
   600 | D:1      | Offered knowledge of Sandblast by Vehumet.
  1122 | D:2      | Reached XP level 3. HP: 28/28 MP: 3/3
  1514 | D:2      | Reached XP level 4. HP: 34/35 MP: 4/4
  1804 | D:3      | Reached ** piety under Vehumet
  1806 | D:3      | Offered knowledge of Foxfire by Vehumet.
  1855 | D:3      | Reached skill level 5 in Shapeshifting
  1857 | D:3      | Reached XP level 5. HP: 40/40 MP: 5/5
  1894 | D:3      | Found Xubigin's Assorted Antiques.
  2013 | D:3      | Found a transporter.
  2066 | D:3      | Found a glowing drain.
  2071 | Sewer    | Entered a sewer
  2085 | Sewer    | Offered knowledge of Inner Flame by Vehumet.
  2167 | Sewer    | Reached XP level 6. HP: 17/47 MP: 6/6
  2293 | Sewer    | Found a white marble altar of Elyvilon.
  2403 | D:3      | Noticed bobo's ghost (amateur BaHu)
  2409 | D:3      | Found a transporter.
  2489 | D:3      | Reached *** piety under Vehumet
  2682 | D:3      | Noticed Terence
  2689 | D:3      | Killed Terence
  2830 | D:4      | Noticed a sky beast
  2838 | D:4      | Killed a sky beast
  3165 | D:4      | Your scales start taking on a golden yellow colour.
  3165 | D:4      | Reached XP level 7. HP: 54/55 MP: 7/7
  3165 | D:4      | Gained mutation: You are resistant to acid. (rCorr) [Yellow
                  | Draconian growth]
  3212 | D:4      | Found Avorch's Neck Hole.
  3433 | D:5      | Entered Level 5 of the Dungeon
  3510 | D:5      | Found a staircase to the Ecumenical Temple.
  3510 | D:5      | Noticed Pikel
  3535 | D:5      | Killed Pikel
  3536 | D:5      | Reached XP level 8. HP: 35/67 MP: 8/8
  3669 | D:5      | Reached skill level 5 in Fighting
  3672 | Temple   | Entered the Ecumenical Temple
  3703 | D:5      | Noticed Sigmund
  3732 | D:5      | Killed Sigmund
  3733 | D:5      | Reached skill level 5 in Dodging
  3892 | D:5      | Found a hide-covered altar of Uskayaw.
  3939 | D:5      | Fell from the grace of Vehumet
  3939 | D:5      | Became a worshipper of Uskayaw the Reveller
  4064 | D:5      | Reached * piety under Uskayaw
  4073 | D:5      | Reached ** piety under Uskayaw
  4077 | D:5      | Reached *** piety under Uskayaw
  4080 | D:5      | Reached skill level 5 in Unarmed Combat
  4087 | D:5      | Reached **** piety under Uskayaw
  4090 | D:5      | Reached ***** piety under Uskayaw
  4696 | D:6      | Reached skill level 1 in Invocations
  4821 | D:6      | Reached skill level 2 in Invocations
  4821 | D:6      | Reached XP level 9. HP: 74/74 MP: 10/10
  4889 | D:6      | Found a snail-covered altar of Cheibriados.
  4973 | D:6      | Found a hazy altar of Hepliaklqana.
  5040 | D:7      | Found a shimmering altar of Xom.
  5054 | D:6      | Reached skill level 3 in Invocations
  5061 | D:6      | Reached skill level 4 in Invocations
  5068 | D:6      | Reached skill level 5 in Invocations
  5114 | D:7      | Found a basalt altar of Yredelemnul.
  5114 | D:7      | Found a burning altar of Makhleb.
  5143 | D:7      | Identified the ring "Enent" {Ice rElec rN+++ rCorr Int-4}
  5226 | D:7      | You fall into a shaft and drop 3 floors!
  5226 | D:10     | Entered Level 10 of the Dungeon
  5268 | D:10     | Found a staircase to the Orcish Mines.
  5735 | D:9      | Noticed Psyche
  5746 | D:9      | Killed Psyche
  5747 | D:9      | Reached XP level 10. HP: 67/81 MP: 10/13
  6077 | D:8      | Reached skill level 10 in Shapeshifting
  6446 | D:7      | Found a transporter.
  6447 | D:7      | Noticed rbyellow5's ghost (novice OpFi)
  6447 | D:7      | Noticed a catoblepas
  6448 | D:7      | Noticed a moth of wrath
  6461 | D:7      | Found a transporter.
  6532 | D:7      | Found an ornate altar of the Wu Jian Council.
  6614 | D:7      | Found an ancient bone altar of Kikubaaqudgha.
  6615 | D:7      | Found a blossoming altar of Fedhas.
  6821 | D:7      | Found a sparkling altar of Nemelex Xobeh.
  6831 | D:7      | Found a radiant altar of Vehumet.
  6835 | D:7      | Found an opulent altar of Gozag.
  7537 | D:8      | Noticed a two-headed ogre
  7546 | D:8      | Killed a two-headed ogre
  7552 | D:8      | Found a white marble altar of Elyvilon.
  7854 | D:9      | Paralysed by a hornet for 2 turns
  8128 | D:9      | Noticed Erolcha
  8129 | D:9      | Erolcha changed into Erolcha the black mamba
  8129 | D:9      | Noticed Erolcha
  8140 | D:9      | Killed Erolcha the black mamba
  8141 | D:9      | Reached skill level 6 in Invocations
  8330 | D:9      | Reached skill level 7 in Invocations
  8519 | D:9      | Reached skill level 1 in Evocations
  8601 | D:9      | Identified the +1 leather armour "Damuybaj" {Harm Fly rElec
                  | Slay+2}
  8601 | D:9      | Noticed a black mamba
  8605 | D:9      | a black mamba changed into a blink frog
  9069 | D:10     | Noticed a two-headed ogre
  9085 | D:10     | Killed a two-headed ogre
  9086 | D:10     | Reached XP level 11. HP: 51/92 MP: 16/16
  9090 | D:10     | Noticed Urug
  9108 | D:10     | Killed Urug
  9129 | D:10     | Was forgiven by Vehumet
  9328 | D:10     | Found a roughly hewn altar of Beogh.
  9333 | D:10     | Reached skill level 5 in Evocations
  9412 | D:10     | Noticed Erica
  9418 | D:10     | Killed Erica
  9599 | D:10     | Noticed Maggie
  9605 | D:10     | Killed Maggie
  9931 | D:11     | Noticed a cyan ugly thing
  9946 | D:11     | Killed a cyan ugly thing
 10383 | D:11     | Reached skill level 10 in Fighting
 10405 | D:11     | Found a staircase to the Lair.
 11240 | Lair:1   | Entered Level 1 of the Lair of Beasts
 11629 | Lair:1   | Reached XP level 12. HP: 106/106 MP: 17/17
 11886 | Lair:1   | Reached skill level 10 in Dodging
 12126 | Lair:1   | Reached skill level 8 in Invocations
 12462 | Lair:2   | Found a hole to the Spider Nest.
 12480 | Lair:2   | Reached skill level 9 in Invocations
 12864 | Lair:2   | Reached skill level 10 in Invocations
 13060 | Lair:2   | Learned a level 4 spell: Vhi's Electric Charge
 13728 | Lair:3   | Noticed Fannar
 13738 | Lair:3   | Killed Fannar
 13839 | Lair:3   | Noticed a catoblepas
 14045 | Lair:3   | Found a shimmering altar of Xom.
 14077 | Lair:3   | Killed a catoblepas
 14321 | Lair:3   | Reached skill level 10 in Unarmed Combat
 14469 | Lair:3   | Reached skill level 1 in Translocations
 14469 | Lair:3   | Reached skill level 1 in Air Magic
 14600 | Lair:3   | Reached XP level 13. HP: 85/113 MP: 20/20
 14929 | Lair:3   | Noticed Amaemon
 14948 | Lair:3   | Killed Amaemon
 15082 | Lair:3   | Found a staircase to the Shoals.
 15222 | Lair:4   | Identified the +3 quarterstaff of Dissatisfaction {freeze,
                  | rF+ rC+ Dex+3}
 15763 | Lair:4   | Noticed Nessos
 15776 | Lair:4   | Killed Nessos
 16118 | Lair:4   | Reached skill level 11 in Invocations
 16430 | Lair:5   | Entered Level 5 of the Lair of Beasts
 16973 | Lair:5   | Found a viscous altar of Jiyva.
 16973 | Lair:5   | Found a staircase to the Slime Pits.
 17243 | Lair:4   | Reached skill level 12 in Invocations
 17580 | Lair:5   | Reached skill level 5 in Translocations
 17611 | Lair:5   | Reached skill level 5 in Air Magic
 18683 | Lair:5   | HP: 2/113 [black mamba (8)]
 18955 | Lair:5   | Gained mutation: You have acidic saliva. [Yellow Draconian
                  | growth]
 18955 | Lair:5   | Reached XP level 14. HP: 87/121 MP: 23/23
 19597 | Lair:5   | Paralysed by a hornet for 1 turns
 20270 | D:3      | Killed bobo's ghost
 20494 | D:7      | Mangled by a catoblepas

Illustrated notes

Levels and vault maps discovered:
D:1:      dpeg_arrival_rooms_b, layout_basic, shapermc_ecumenical_altar_petra
D:2:      layout_loops_corners
D:3:      layout_loops_cross, mainiacjoe_sewer_entry_somewhere_in_here_2,
          gammafunk_ghost_mausoleum, serial_shops, shop, uniq_terence
D:4:      layout_rooms, minivault_1, nicolae_shop_sticking_my_neck_out
D:5:      layout_basic, nicolae_uskayaw_dance_hall,
          minmay_temple_entry_stoned_glass, uniq_pikel, uniq_sigmund
D:6:      layout_gridville, nicolae_overflow_hidden_temple,
          nicolae_hepliaklqana_monster_ancestors
D:7:      layout_cave_pools, minitemple, amcnicky_altar_gilded, xom_butterflies,
          minmay_overflow_temple_star_quad, gammafunk_ghost_berserking_beasts
D:8:      layout_loops_ring, marbit_many_paths
D:9:      layout_layer_cave, hangedman_decor_points, uniq_psyche, uniq_erolcha
D:10:     layout_gridville, minmay_orc_entry_temple_small, uniq_urug,
          uniq_maggie, uniq_erica
D:11:     layout_grid_maze, hellmonk_lair_entry_icy
Temple:   compressed_dpeg_triangle_lava_temple
Lair:1:   layout_loops_ring, disabler_island, lemuel_fruit_fields
Lair:2:   layout_cave_pods, nicolae_spider_entry_lesser_pyramids,
          serial_bayou_shore_a
Lair:3:   layout_regular_city, elwin_shoals_entry_rocks, basic_altar,
          uniq_amaemon, uniq_fannar
Lair:4:   layout_loops_ring, fungi_pond_lemuel, guppyfry_lair_drakes,
          uniq_nessos
Lair:5:   wormcave, layout_regular_city, hangedman_lair_in_review,
          slime_entry_1, st_stairs_12, kennysheep_abandoned_house

Skill      XL: |  1  2  3  4  5  6  7  8  9 10 11 12 13 14 |
---------------+-------------------------------------------+-----
Shapeshifting  | 4 5 6 7 9 10 | 10.8
Dodging        | 2 4 5 7 9 10 | 10.0
Fighting       | 2 4 5 7 10 | 10.0
Unarmed Combat | 7 10 | 10.0
Invocations    | 2 5 7 10 12 | 12.0
Evocations     | 3 5 |  5.0
Translocations | 1 6 7 |  7.0
Air Magic      | 1 6 7 |  7.0

Action                     |  1- 3 |  4- 6 |  7- 9 | 10-12 | 13-15 || total
---------------------------+-------+-------+-------+-------+-------++-------
  Melee: Unarmed           |    35 |    69 |   288 |   649 |   406 ||  1447
         Tailslap          |    11 |    17 |    47 |   101 |    70 ||   246
         Dagger            |    22 |       |       |       |       ||    22
         War axe           |    16 |    89 |       |       |       ||   105
         Punch             |       |       |       |    30 |    25 ||    55
         Bite              |       |       |       |       |    21 ||    21
 Invoke: Stomp             |       |       |     2 |     1 |       ||     3
         Line Pass         |       |       |     1 |       |       ||     1
Ability: Caustic Breath    |       |       |       |     4 |     2 ||     6
  Evoke: Wand              |       |       |       |     2 |     5 ||     7
    Use: Scroll            |       |     6 |     3 |    15 |     2 ||    26
         Potion            |       |       |       |     4 |     5 ||     9
   Stab: Paralysed         |       |       |    11 |    59 |    47 ||   117
         Confused          |       |       |       |     1 |       ||     1
 Armour: Skin              |    39 |    74 |   103 |   406 |   299 ||   921
  Dodge: Dodged            |    41 |   112 |   279 |   633 |   408 ||  1473
   Form: Flux              |       |     1 |       |       |       ||     1
         Blade             |       |       |       |     1 |       ||     1

Table legend: (Time is in decaauts)
 A = Elapsed time spent in this place.
 B = Non-inter-level travel time spent in this place.
 C = Inter-level travel time spent in this place.
 D = Time resting spent in this place.
 E = Time spent auto-exploring this place.
 F = Levels seen in this place.
 G = Mean time per level.
                   A        B        C        D        E       F      G
               +--------+--------+--------+--------+--------+-----+--------+
         Total |  20468 |  19427 |   1041 |   1192 |  15159 |  18 | 1137.1 |
       Dungeon |  11375 |  10594 |    781 |    173 |   8670 |  11 | 1034.1 |
        Temple |      1 |      1 |      0 |      0 |      0 |   1 |    1.0 |
          Lair |   8790 |   8530 |    260 |   1019 |   6251 |   5 | 1758.0 |
         Sewer |    300 |    300 |      0 |      0 |    237 |   1 |  300.0 |
               +--------+--------+--------+--------+--------+-----+--------+

Top non-repeatable levels by time:
  Lair:5: 2793 daAuts
  Lair:4: 1947 daAuts
  Lair:3: 1564 daAuts
     D:9: 1561 daAuts
    D:11: 1455 daAuts
  Lair:2: 1446 daAuts
    D:10: 1274 daAuts
     D:8: 1181 daAuts
     D:5: 1078 daAuts
  Lair:1: 1038 daAuts
     D:3: 963 daAuts
     D:2: 937 daAuts
     D:1: 840 daAuts
     D:7: 801 daAuts
     D:6: 658 daAuts
